 Dungeon Crawl Stone Soup version 0.30-a0-394-g3e4acdb0ae (webtiles) character file.

Game seed: 1550120069211663697

1435 iamoutofideas the Cleaver (level 8, -1/99 HPs)
             Began as a Hill Orc Berserker on Dec 6, 2022.
             Was a Believer of Trog.
             Succumbed to Dowan's poison
             ... on level 6 of the Dungeon.
             The game lasted 00:07:45 (5751 turns).

iamoutofideas the Cleaver (Hill Orc Berserker)      Turns: 5751, Time: 00:07:46

Health: -1/99      AC: 24    Str: 22    XL:     8   Next: 73%
Magic:  8/8        EV:  2    Int:  7    God:    Trog [**....]
Gold:   203        SH:  0    Dex: 10    Spells: 7/7 levels left

rFire   . . .      SeeInvis .    a - +0 hand axe
rCold   . . .      Faith    .    (no shield)
rNeg    . . .      Spirit   .    (body armour currently unavailable)
rPois   +          Reflect  .    (helmet currently unavailable)
rElec   .          Harm     .    (cloak currently unavailable)
rCorr   .          Rampage  .    (gloves currently unavailable)
Will    ++...      NoTele   +    (boots currently unavailable)
Stlth   +.........               (no amulet)
HPRegen 1.36/turn                (no ring)
MPRegen 0.11/turn                (no ring)

@: lethally poisoned (-1 -> -6), tree-form, strong-willed, on berserk cooldown,
regenerating, slowed, very slow
A: stationary, stasis, torment immunity, boosted hp
a: Renounce Religion, Berserk, Trog's Hand


You were on level 6 of the Dungeon.
You worshipped Trog.
Trog was pleased with you.
You were a tree.
You visited 1 branch of the dungeon, and saw 6 of its levels.

You collected 203 gold pieces.

Inventory:

Hand Weapons
 a - a +0 hand axe (weapon)
 B - a +0 war axe
Missiles
 q - 4 poisoned darts (quivered)
 u - 2 throwing nets
Armour
 b - a +0 animal skin
 j - a +1 ring mail (melded)
 k - a +0 pair of gloves (melded)
 r - a +0 scale mail
 w - a scarf of shadows (melded)
Jewellery
 f - an amulet of guardian spirit
Wands
 g - a wand of mindburst (18)
 m - a wand of iceblast (8)
 y - a wand of flame (10)
Scrolls
 c - 6 scrolls of enchant armour
 d - 3 scrolls of teleportation
 h - a scroll of acquirement {unknown}
 i - a scroll of amnesia {unknown}
 o - 4 scrolls of blinking {unknown}
 p - 3 scrolls of fog
 A - a scroll of poison
 C - a scroll of noise {unknown}
Potions
 e - 2 potions of attraction
 l - a potion of flight
 n - 3 potions of brilliance


   Skills:
 - Level 4.2 Fighting
 + Level 13.7 Axes
 - Level 2.3 Armour
 - Level 1.7 Dodging


You had 7 spell levels left.
You didn't know any spells.
Your spell library contained the following spells:

 Spells                   Type           Power      Damage    Failure   Level
 Beastly Appendage        Tmut           0%         N/A       43%         1
 Cigotuvi's Dreadful Rot  Necr/Pois/Air  0%         N/A       56%         2
 Poisonous Vapours        Pois/Air       0%         N/A       56%         2
 Wereblood                Tmut           0%         N/A       56%         2
 Call Canine Familiar     Summ           0%         N/A       80%         3
 Mephitic Cloud           Conj/Pois/Air  0%         N/A       80%         3
 Portal Projectile        Hex/Tloc       0%         N/A       80%         3
 Spider Form              Tmut/Pois      0%         N/A       80%         3
 Leda's Liquefaction      Hex/Erth       0%         N/A       99%         4


Dungeon Overview and Level Annotations

Branches:
Dungeon (6/15)
 Temple: D:4-7

Altars:
Ashenzari
Lugonu

Portals:
Abyss: D:5

Annotations:
D:6 Dowan


Message History

Unknown command.
Okay, then.
Aiming: Iceblast
Press: ? - help, Shift-Dir - straight line The mass of ice explodes!
The iceblast engulfs Duvessa!
You kill Duvessa!
Trog accepts your kill.
Dowan screams, "No!
No!"
Dowan seems to find hidden reserves of power!
You feel very sick. Dowan hits you but does no damage. x2
Unknown command.
Aiming: Iceblast
Press: ? - help, Shift-Dir - straight line
Okay, then.
Aiming: Mindburst
Press: ? - help, Shift-Dir - straight line, f - Dowan
Aim: Dowan, wielding a +2 dagger of venom and wearing a +0 robe (lightly wounded, fast, chance to affect: 64%) Dowan's mind is blasted!
You feel very sick.
Dowan hits you with a +2 dagger of venom.
* * * LOW HITPOINT WARNING * * *
Dowan hits you with a +2 dagger of venom.
* * * LOW HITPOINT WARNING * * *
You are lethally poisoned!
Dowan hits you but does no damage.
Aiming: Mindburst
Press: ? - help, Shift-Dir - straight line, f/p - Dowan
Aim: Dowan, wielding a +2 dagger of venom and wearing a +0 robe (severely wounded, fast, chance to affect: 64%) Dowan struggles to resist.
* * * LOW HITPOINT WARNING * * *
You feel very sick. Dowan hits you but does no damage. x2
Okay, then.
Okay, then.
Okay, then.
Okay, then.
Your skin crawls.
You feel strong-willed.
You die...

#.####.#.#
###.#.####
#.##.........
.........####
#.###....# #
##.#.....
#.####.######
#.....e#
######♣##
##)..##
#.....#
#.......#
#.........#
+.........+
#.........#
##.......##
##.....##


You could see Dowan (fast).

Vanquished Creatures
  Eustachio (D:6)
  Duvessa (D:6)
  An ice beast (D:5)
  A black bear (D:4)
  A phantom (D:6)
  2 scorpions
  2 necrophages
  A howler monkey (D:5)
  4 hounds
  2 orc priests (D:4)
  3 jellies
  Terence (D:2)
  Natasha (thrice) (D:3)
  3 orc wizards (D:4)
  4 gnolls (D:5)
  7 adders
  A shadow imp (D:6)
  2 white imps (D:5)
  An ufetubus (D:5)
  4 worms
  4 dart slugs
  3 orcs (D:4)
  10 endoplasms
  2 giant cockroaches
  4 goblins
  12 hobgoblins
  4 jackals (D:5)
  A quokka (D:2)
  9 ball pythons
  4 bats
  3 frilled lizards
  5 kobolds
  8 rats
  A lurking horror (D:5)
115 creatures vanquished.

Vanquished Creatures (others)
  An orc (D:4)
  A lurking horror (D:5)
2 creatures vanquished.

Grand Total: 117 creatures vanquished

Notes
Turn   | Place    | Note
-------+----------+-------------------------------------------
     0 | D:1      | iamoutofideas the Hill Orc Berserker began the quest for
                  | the Orb.
     0 | D:1      | Reached XP level 1. HP: 19/19 MP: 1/1
    93 | D:1      | Reached XP level 2. HP: 27/27 MP: 2/2
   609 | D:2      | Reached ** piety under Trog
   610 | D:2      | Reached XP level 3. HP: 33/33 MP: 3/3
   630 | D:2      | Reached skill level 5 in Axes
  1140 | D:2      | Reached XP level 4. HP: 40/40 MP: 4/4
  1198 | D:2      | Noticed Terence
  1207 | D:2      | Killed Terence
  1208 | D:2      | Reached skill level 6 in Axes
  1889 | D:3      | Found a faded altar of an unknown god.
  1962 | D:3      | Reached XP level 5. HP: 10/46 MP: 5/5
  2227 | D:3      | Noticed Natasha
  2239 | D:3      | Killed Natasha
  2240 | D:3      | Reached skill level 7 in Axes
  2350 | D:3      | Noticed Natasha
  2357 | D:3      | Killed Natasha
  2671 | D:3      | Noticed Natasha
  2681 | D:3      | Killed Natasha
  2682 | D:3      | Reached skill level 8 in Axes
  2882 | D:4      | Noticed a black bear
  2892 | D:4      | Killed a black bear
  2893 | D:4      | Reached XP level 6. HP: 52/52 MP: 6/6
  2977 | D:4      | Reached skill level 9 in Axes
  3034 | D:4      | Reached XP level 7. HP: 18/59 MP: 7/7
  3240 | D:4      | Found a broken altar of Ashenzari.
  3880 | D:5      | Entered Level 5 of the Dungeon
  3890 | D:5      | Reached skill level 10 in Axes
  3894 | D:5      | Reached *** piety under Trog
  3979 | D:5      | Reached skill level 11 in Axes
  4173 | D:5      | Found a corrupted altar of Lugonu.
  4273 | D:5      | Found a one-way gate to the infinite horrors of the Abyss.
  4776 | D:5      | Reached XP level 8. HP: 66/66 MP: 8/8
  5483 | D:6      | Reached skill level 12 in Axes
  5501 | D:6      | Noticed Eustachio
  5511 | D:6      | Killed Eustachio
  5618 | D:6      | Reached skill level 13 in Axes
  5711 | D:6      | Noticed Duvessa
  5729 | D:6      | Noticed Dowan
  5748 | D:6      | Killed Duvessa
  5750 | D:6      | HP: 2/99 [poisoned by Dowan]
  5751 | D:6      | Succumbed to Dowan's poison

Illustrated notes

Levels and vault maps discovered:
D:1:      shiori_arrival_maze, layout_rooms
D:2:      layout_loops_corners, minmay_liquid_box, dk_noncrumbling_3,
          minmay_pentomino_s2, uniq_terence
D:3:      layout_basic, shapermc_ecumenical_altar_totnotflames, uniq_natasha
D:4:      layout_basic, mainiacjoe_overflow_brackets
D:5:      layout_loops_ring, minmay_fountain_box,
          amcnicky_altar_lugonu_corruption
D:6:      layout_loops_corners, minmay_temple_entry_large_hall,
          nicolae_ossuary_entry_monument, guppyfry_shop_venom, uniq_duvessa,
          uniq_eustachio, uniq_menkaure

Skill      XL: |  1  2  3  4  5  6  7  8 |
---------------+-------------------------+-----
Fighting       | 4 |  4.2
Axes           | 5 6 8 9 11 13 | 13.7
Armour         | |  2.3
Dodging        | |  1.7

Action                   |  1- 3 |  4- 6 |  7- 9 || total
-------------------------+-------+-------+-------++-------
Melee: Hand axe          |   114 |   146 |   201 ||   461
       Punch             |     1 |     2 |     2 ||     5
Invok: Berserk           |       |     6 |     3 ||     9
       Trog's Hand       |       |     1 |     2 ||     3
Evoke: Wand              |       |       |     3 ||     3
  Use: Scroll            |       |     5 |     8 ||    13
       Potion            |       |     2 |     3 ||     5
Armor: Animal skin       |     8 |       |       ||     8
       Ring mail         |    14 |    50 |    52 ||   116
       Skin              |       |       |     9 ||     9
Dodge: Dodged            |    69 |    59 |   116 ||   244

Table legend: (Time is in decaauts)
 A = Elapsed time spent in this place.
 B = Non-inter-level travel time spent in this place.
 C = Inter-level travel time spent in this place.
 D = Time resting spent in this place.
 E = Time spent auto-exploring this place.
 F = Levels seen in this place.
 G = Mean time per level.
                   A        B        C        D        E       F      G
               +--------+--------+--------+--------+--------+-----+--------+
         Total |   5770 |   5573 |    197 |    919 |   3653 |   6 |  961.7 |
       Dungeon |   5770 |   5573 |    197 |    919 |   3653 |   6 |  961.7 |
               +--------+--------+--------+--------+--------+-----+--------+

Top non-repeatable levels by time:
     D:5: 1580 daAuts
     D:2: 1156 daAuts
     D:4: 1100 daAuts
     D:3: 1058 daAuts
     D:1: 608 daAuts
     D:6: 265 daAuts
